 Dungeon Crawl Stone Soup version 0.28.0-43-g3370ac3207 (webtiles) character file.

Game seed: 9308309076635433508

638 Faeu the Covered (level 7, -3/62 HPs)
             Began as a Minotaur Fighter on Mar 23, 2022.
             Slain by a cyclops (10 damage)
             ... on level 5 of the Dungeon.
             The game lasted 00:08:28 (3618 turns).

Faeu the Covered (Minotaur Fighter)                 Turns: 3618, Time: 00:08:29

Health: -3/62      AC: 12    Str: 22    XL:     7   Next: 25%
Magic:  6/6        EV:  9    Int:  5    God:
Gold:   249        SH:  5    Dex: 10    Spells: 6/6 levels left

rFire   . . .      SeeInvis .   a - +0 long sword {long}
rCold   . . .      Faith    .   c - +0 buckler
rNeg    . . .      Spirit   .   b - +0 scale mail
rPois   .          Reflect  .   (helmet restricted)
rElec   .          Harm     .   (no cloak)
rCorr   +          Rampage  .   p - +0 pair of gloves
Will    .....                   (no boots)
Stlth   ..........              (no amulet)
HPRegen 0.20/turn               k - +4 ring of protection
MPRegen 0.10/turn               n - ring of resist corrosion

@: no status effects
A: horns 2, retaliatory headbutt
a: no special abilities


You were on level 5 of the Dungeon.
You visited 1 branch of the dungeon, and saw 5 of its levels.

You collected 249 gold pieces.


Innate Abilities, Weirdness & Mutations

You have a pair of horns on your head.
You reflexively headbutt those who attack you in melee.


   Skills:
 + Level 5.9 Fighting
 + Level 5.3 Long Blades
 + Level 5.9 Armour
 + Level 5.9 Shields


You had 6 spell levels left.
You didn't know any spells.
Your spell library was empty.

Inventory:

Hand Weapons
 a - a +0 long sword (weapon) {long}
 s - a +1 dagger of electrocution {short}
   (You took it off a goblin on level 4 of the Dungeon)
Armour
 b - a +0 scale mail (worn)
 c - a +0 buckler (worn)
 p - a +0 pair of gloves (worn)
   (You found it on level 3 of the Dungeon)
Jewellery
 k - a +4 ring of protection (left hand)
   (You found it on level 2 of the Dungeon)
 n - a ring of resist corrosion (right hand)
   (You found it on level 3 of the Dungeon)
Wands
 t - a wand of polymorph (10)
   (You took it off Ijyb on level 4 of the Dungeon)
Scrolls
 f - a scroll of identify {unknown}
 g - a scroll of fog
 h - a scroll of acquirement {unknown}
 i - 2 scrolls of immolation {unknown}
 m - 2 scrolls of noise {unknown}
 o - a scroll of teleportation {unknown}
 q - 2 scrolls of summoning {unknown}
Potions
 d - 3 potions of might
 e - 4 potions of haste {unknown}
 j - a potion of mutation {unknown}
 l - a potion of cancellation {unknown}
 r - 2 potions of brilliance {unknown}
 u - a potion of ambrosia {unknown}

Dungeon Overview and Level Annotations

Branches:
Dungeon (5/15)
 Temple: D:4-7

Altars:
Qazlal

Shops:
D:4 [

Portals:
Sewer: D:5

..≈≈≈∩≈ ≈. .#
..≈≈≈≈≈ ≈B.##
#...#..# ##
.......###.#
#.#.#.##§.#
...#.#§§§#.#
#...#§@§..#
#...#C#####
#########..#.#
..........>..#
#...........#......
#.........?.#......
#...........#......
#......=....#......
#...........#......


You could see a cyclops.


Message History

You take 2 damage, and now have 51/56 hp.
You hit the scorpion zombie but do no damage.
The scorpion zombie hits you but does no damage.
You hit the scorpion zombie.
You destroy the scorpion zombie!
Your Long Blades skill increases to level 5! 😕 HP[+1] No target in view!
No target in view!
A water moccasin skeleton comes into view. 😕 HP[+1]
A rat comes into view.
You see here a rat corpse.
You slash the water moccasin skeleton!
The water moccasin skeleton bites you but does no damage.
The water moccasin skeleton barely misses you.
You slash the water moccasin skeleton!
You headbutt the water moccasin skeleton!
The water moccasin skeleton bites you but does no damage.
You hit the water moccasin skeleton.
Your headbutt misses the water moccasin skeleton.
The water moccasin skeleton bites you.
The water moccasin skeleton barely misses you.
You furiously retaliate!
You headbutt the water moccasin skeleton!
You destroy the water moccasin skeleton!
You have reached level 7! 😕 HP[+3] MP[+1]
You now have 62 max hp (+6).
You regained 3 hp, and now have 56/62 hp.
Your mp is fully restored (6).
You slash the rat!
You kill the rat!
You see here a rat corpse. 😕 HP[+1]
You hear the slow rusting of a drain nearby.
HP restored.
You now have 243 gold pieces (gained 12).
q - 2 scrolls labelled BID YLUEJE (gained 1)
You now have 249 gold pieces (gained 6).
There is a stone staircase leading up here.
A giant cockroach comes into view. 😎 HP[+5]
Found a glowing drain.
You see here 13 gold pieces.
A giant cockroach comes into view.
A sourceless malevolence fills the Dungeon... and a teleportation trap spontaneously manifests!
You are yanked towards some nearby monsters!
Your surroundings suddenly seem different.
A two-headed ogre and a water moccasin come into view.
The two-headed ogre shouts in stereo!
The water moccasin hisses angrily.
The two-headed ogre hits you with a +0 giant spiked club!!
The two-headed ogre hits you but does no damage.
The giant cockroach moves out of view. 😮 HP[-20]
You take 20 damage, and now have 42/62 hp.
MASSIVE DAMAGE!! (PAUSE)
You block the water moccasin's attack. You block the water moccasin's attack.
The water moccasin bites you but does no damage.
There is a stone staircase leading down here.
The water moccasin bites you but does no damage. 😮 HP[+1]
You slash the water moccasin!
You hear the slow rusting of a drain very nearby.
You block the water moccasin's attack. x2
You closely miss the water moccasin. The water moccasin closely misses you.
The water moccasin bites you but does no damage. 😮 HP[+1]
You hit the water moccasin. You headbutt the water moccasin.
The water moccasin bites you but does no damage.
You slash the water moccasin!
You kill the water moccasin!
You barely miss the two-headed ogre. You headbutt the two-headed ogre!
The two-headed ogre barely misses you.
The two-headed ogre hits you with a +0 giant spiked club!!
* * * LOW HITPOINT WARNING * * *
😨 HP[-18]
You take 18 damage, and now have 26/62 hp.
MASSIVE DAMAGE!! (PAUSE)
Aiming: Polymorph
Press: ? - help, Shift-Dir - straight line, f - two-headed ogre
Aim: a two-headed ogre, wielding two +0 giant spiked clubs (moderately wounded, will become a cyclops, a slime creature, or a mana viper, chance to affect: 31%)
The two-headed ogre evaporates and reforms as a cyclops!
You hit the cyclops. You headbutt the cyclops. The cyclops barely misses you.
You furiously retaliate!
You headbutt the cyclops! 😨 HP[+1]
You slash the cyclops! The cyclops hits you!
* * * LOW HITPOINT WARNING * * *
😱 HP[-15]
You take 15 damage, and now have 12/62 hp.
MASSIVE DAMAGE!! (PAUSE)
You hit the cyclops but do no damage. Your headbutt misses the cyclops.
The cyclops hits you.
* * * LOW HITPOINT WARNING * * *
😱 HP[-5]
You take 5 damage, and now have 7/62 hp.
As you read the scroll of fog, it crumbles to dust.
The scroll dissolves into smoke.
The cyclops hits you!
You die...

Skill      XL: |  1  2  3  4  5  6 |
---------------+-------------------+-----
Fighting       | 4 5 |  5.9
Shields        | 4 5 |  5.9
Long Blades    | 3 4 5 |  5.3
Armour         | 4 5 |  5.9

Action                   |  1- 3 |  4- 6 |  7- 9 || total
-------------------------+-------+-------+-------++-------
Melee: Long sword        |    91 |   105 |     9 ||   205
       Headbutt          |    11 |    18 |     3 ||    32
Evoke: Wand              |       |       |     1 ||     1
  Use: Scroll            |     1 |       |     1 ||     2
Armor: Scale mail        |    40 |    42 |     5 ||    87
       Skin              |       |     9 |       ||     9
Dodge: Dodged            |    37 |    54 |     3 ||    94
Block: Buckler           |    17 |    19 |     4 ||    40

Levels and vault maps discovered:
D:1:      dpeg_arrival_central, layout_loops_ring, minmay_misc_feat_x
D:2:      layout_rooms, shapermc_ecumenical_altar_mp_urbaneastern
D:3:      layout_loops_corners, minmay_surrounded
D:4:      layout_cave_pods, nicolae_qazlal_eye_of_the_storm,
          gammafunk_ghost_grave, serial_shops, shop, kennysheep_donut,
          uniq_ijyb, uniq_robin, uniq_menkaure
D:5:      layout_basic, cheibrodos_sewer_entry_drain, uniq_pikel, uniq_grinder

Notes
Turn   | Place    | Note
-------+----------+-------------------------------------------
     0 | D:1      | Faeu the Minotaur Fighter began the quest for the Orb.
     0 | D:1      | Reached XP level 1. HP: 19/19 MP: 0/0
     0 | D:1      | magus.rc [v1.9.6]
   239 | D:1      | Reached XP level 2. HP: 27/27 MP: 1/1
   913 | D:2      | Reached skill level 4 in Fighting
   920 | D:2      | Reached skill level 4 in Shields
   923 | D:2      | Reached skill level 3 in Long Blades
   945 | D:2      | Reached skill level 4 in Armour
   970 | D:2      | Reached XP level 3. HP: 28/33 MP: 2/2
  1150 | D:2      | Found a faded altar of an unknown god.
  1433 | D:3      | Identified the +0 robe of Articulation {Int+4}
  1446 | D:3      | magus.rc [v1.9.6]
  1822 | D:3      | Reached XP level 4. HP: 41/41 MP: 3/3
  2270 | D:4      | Noticed Menkaure
  2278 | D:4      | Killed Menkaure
  2279 | D:4      | Reached skill level 4 in Long Blades
  2279 | D:4      | Reached XP level 5. HP: 27/47 MP: 4/4
  2444 | D:4      | Reached skill level 5 in Armour
  2469 | D:4      | Found Areesmecapp's Armour Shop.
  2485 | D:4      | Reached skill level 5 in Fighting
  2485 | D:4      | Reached skill level 5 in Shields
  2637 | D:4      | Found a runed translucent door.
  2637 | D:4      | Noticed dnkovka's ghost (amateur MiFi)
  2707 | D:4      | Noticed Robin
  2713 | D:4      | Killed Robin
  2768 | D:4      | Noticed Ijyb
  2788 | D:4      | Killed Ijyb
  2789 | D:4      | Reached XP level 6. HP: 44/56 MP: 5/5
  2855 | D:4      | Found a stormy altar of Qazlal.
  3350 | D:4      | Killed dnkovka's ghost
  3512 | D:5      | Entered Level 5 of the Dungeon
  3534 | D:5      | Reached skill level 5 in Long Blades
  3544 | D:5      | Reached XP level 7. HP: 56/62 MP: 6/6
  3600 | D:5      | Found a glowing drain.
  3601 | D:5      | Noticed a two-headed ogre
  3614 | D:5      | Noticed a cyclops
  3614 | D:5      | a two-headed ogre changed into a cyclops
  3616 | D:5      | HP: 12/62 [cyclops (15)]
  3618 | D:5      | Slain by a cyclops

Vanquished Creatures
  Menkaure (D:4)
  A water moccasin (D:5)
  The ghost of dnkovka the Shield-Bearer, an amateur MiFi of Gozag (D:4)
  A water moccasin skeleton (D:5)
  A centaur zombie (D:4)
  A hound (D:5)
  A bullfrog skeleton (D:5)
  Ijyb (D:4)
  A scorpion zombie (D:5)
  Robin (D:4)
  4 adders
  A white imp (D:4)
  An ufetubus (D:4)
  2 worms
  4 orcs (D:3)
  7 bats
  3 endoplasms
  6 giant cockroaches
  13 goblins
  6 hobgoblins
  2 jackals (D:1)
  4 ball pythons
  3 frilled lizards
  3 kobolds
  10 rats
79 creatures vanquished.

Vanquished Creatures (others)
  A fungus (D:2)
  2 plants (D:2)
  2 withered plants (D:4)
5 creatures vanquished.

Grand Total: 84 creatures vanquished

Table legend:
 A = Non-vault XP
 B = Vault XP
 C = Vault XP percentage of total XP
 D = Non-vault monster count
 E = Vault monster count
 F = Vault count percentage of total count
                 A         B        C        D         E       F
            +---------+---------+-------+---------+---------+-------
      Total |     516 |     396 |  43.4 |      56 |      23 |  29.1
            +---------+---------+-------+---------+---------+-------
        D:1 |      28 |       0 |   0.0 |      17 |       0 |   0.0
        D:2 |      51 |       0 |   0.0 |      16 |       0 |   0.0
        D:3 |      34 |      23 |  40.4 |      12 |       6 |  33.3
        D:4 |      72 |     371 |  83.7 |       6 |      15 |  71.4
        D:5 |     331 |       2 |   0.6 |       5 |       2 |  28.6
            +---------+---------+-------+---------+---------+-------

Illustrated notes

Table legend:
 A = Kills in this place as a percentage of kills in entire the game.
 B = Kills by you in this place as a percentage of kills by you in the entire game.
 C = Kills by friends in this place as a percentage of kills by friends in the entire game.
 D = Other kills in this place as a percentage of other kills in the entire game.
 E = Experience gained in this place as a percentage of experience gained in the entire game.
 F = Experience gained in this place divided by the number of levels of this place that you have seen.
                   A       B       C       D       E      F
               +-------+-------+-------+-------+-------+----------------------
         Total | 100.0 | 100.0 |   N/A |   N/A | 100.0 | 182.4
       Dungeon | 100.0 | 100.0 |   N/A |   N/A | 100.0 | 182.4
               +-------+-------+-------+-------+-------+----------------------

Table legend: (Time is in decaauts)
 A = Elapsed time spent in this place.
 B = Non-inter-level travel time spent in this place.
 C = Inter-level travel time spent in this place.
 D = Time resting spent in this place.
 E = Time spent auto-exploring this place.
 F = Levels seen in this place.
 G = Mean time per level.
                   A        B        C        D        E       F      G
               +--------+--------+--------+--------+--------+-----+--------+
         Total |   3668 |   3509 |    159 |      0 |   3003 |   5 |  733.6 |
       Dungeon |   3668 |   3509 |    159 |      0 |   3003 |   5 |  733.6 |
               +--------+--------+--------+--------+--------+-----+--------+

Top non-repeatable levels by time:
     D:4: 1257 daAuts
     D:3: 912 daAuts
     D:1: 886 daAuts
     D:2: 501 daAuts
     D:5: 110 daAuts
